 Dungeon Crawl Stone Soup version 0.23.0 (webtiles) character file.

Game seed: 17074727620752203546

810 Borgoz the Skirmisher (level 7, -3/44 HPs)
             Began as a Gargoyle Gladiator on Feb 9, 2019.
             Was an Initiate of Ashenzari.
             Slain by an ogre
             ... wielding a +0 giant club
              (10 damage)
             ... on level 4 of the Dungeon.
             The game lasted 00:06:25 (4398 turns).

Borgoz the Skirmisher (Gargoyle Gladiator)          Turns: 4398, Time: 00:06:25

Health: -3/44      AC: 16    Str: 15 (17) XL:     7   Next: 92%
Magic:  7/7        EV: 12    Int:  7 (9)  God:    Ashenzari [......]
Gold:   150        SH:  0    Dex: 12 (13) Spells: 6/6 levels left

rFire    . . .     SeeInvis .   u - +0 hand axe (venom)
rCold    . . .     Gourm    .   (no shield)
rNeg     + . .     Faith    .   r - +4 ring mail
rPois    ∞         Spirit   .   c - +0 helmet
rElec    +         Reflect  .   (no cloak)
rCorr    .         Harm     .   (no gloves)
MR       .....                  (no boots)
Stlth    +.........             (no amulet)
HPRegen  0.14/turn              (no ring)
MPRegen  0.10/turn              (no ring)

@: flying
A: negative energy resistance 1, electricity resistance, unbreathing,
petrification resistance, rot immunity, AC +4
a: Curse Item, Renounce Religion


You were on level 4 of the Dungeon.
You worshipped Ashenzari.
Ashenzari was noncommittal.
You were not hungry.

You visited 2 branches of the dungeon, and saw 6 of its levels.

You collected 150 gold pieces.

Inventory:

Hand Weapons
 a - a +0 flail
 u - a +0 hand axe of venom (weapon)
Missiles
 d - 3 throwing nets (quivered)
Armour
 c - a +0 helmet (worn)
 r - a +4 ring mail (worn)
Jewellery
 v - an uncursed ring of poison resistance
Scrolls
 e - 2 scrolls of amnesia {unknown}
 g - 6 scrolls of identify {unknown}
 h - a scroll of enchant armour {unknown}
 j - 5 scrolls of remove curse
 n - 3 scrolls of blinking {unknown}
 o - 2 scrolls of magic mapping {unknown}
 q - a scroll of random uselessness {unknown}
 s - a scroll of immolation {unknown}
 t - a scroll of teleportation {unknown}
Potions
 b - a potion of brilliance {unknown}
 i - a potion of degeneration
 k - 2 potions of curing {unknown}
 l - 2 potions of flight
 m - a potion of magic {unknown}
 p - a potion of might {unknown}
 w - a potion of berserk rage {unknown}
 x - a potion of heal wounds {unknown}
Comestibles
 f - 7 rations
 z - 4 chunks of flesh


   Skills:
 + Level 5.0 Fighting
 + Level 2.9(3.7) Axes
 - Level 3.9(4.4) Maces & Flails
 - Level 1.7 Throwing
 + Level 4.4 Armour
 + Level 4.3 Dodging


You had 6 spell levels left.
You didn't know any spells.
Your spell library contained the following spells:

 Spells                   Type           Power        Failure   Level  Hunger
 Animate Skeleton         Necr           N/A          65%         1    ##.....
 Apportation              Tloc           #.....       65%         1    ##.....
 Confusing Touch          Hex            #.....       65%         1    ##.....
 Summon Small Mammal      Summ           #...         65%         1    ##.....


Dungeon Overview and Level Annotations

Branches:
Dungeon (5/15)             Temple (1/1) D:5

Altars:
Ashenzari
Cheibriados
Elyvilon
Fedhas
Nemelex Xobeh
Okawaru
Trog
Uskayaw
Zin
The Shining One


Innate Abilities, Weirdness & Mutations

You are resistant to torment.
Your stone body is resilient. (AC +4)
You are immune to poison.
You resist negative energy. (rN+)
You are resistant to electric shocks. (rElec)
You can survive without breathing.
You are immune to petrification.
You are immune to rotting.


Message History

You hit the ogre.
The ogre is lightly wounded.
You barely miss the adder. The ogre hits you with a +0 giant club.
The adder bites you but does no damage.
You hit the ogre.
The ogre is poisoned.
The ogre is lightly wounded.
You closely miss the adder. The adder barely misses you.
The ogre hits you with a +0 giant club!!
Ouch! That really hurt!
* * * LOW HITPOINT WARNING * * *
The adder completely misses you.
It was a potion of flight.
You feel very buoyant.
You fly up into the air.
The adder closely misses you. The ogre barely misses you.
It was a potion of degeneration.
There was something very wrong with that liquid.
You feel weakened.
You feel dopey.
You feel clumsy. The adder closely misses you.
The ogre hits you with a +0 giant club!
You die...

..§.§§§.........#
..§§..§.........#
...§............# .
.....†.........## ..
................# ...
.............<..# ....
#.............#.# .....
##............#.##."....
##..........##.@S.....$
#..........##..O......
###.......###.......<.
##...#### #..#......
##### #...#..... ##..
#.... #..# #..# ...# ###


You could see an ogre and an adder.

Vanquished Creatures
  2 ogres
  A centaur (D:5)
  2 scorpions (D:5)
  A quasit (D:5)
  An orc priest (D:3)
  A centaur skeleton (D:4)
  A bullfrog skeleton (D:4)
  A hound (D:3)
  2 iguanas
  A hound zombie (D:4)
  A howler monkey zombie (D:5)
  A worker ant zombie (D:4)
  7 gnolls
  A howler monkey skeleton (D:4)
  5 adders
  An adder zombie (D:4)
  A worm (D:4)
  A dart slug (D:2)
  3 leopard geckos
  7 orcs
  3 ball pythons
  6 bats
  3 giant cockroaches
  5 goblins
  11 hobgoblins
  4 jackals
  11 kobolds
  2 quokkas
  2 ball python skeletons
  4 frilled lizards
  A jackal zombie (D:4)
  2 quokka zombies (D:4)
  11 rats
106 creatures vanquished.

Notes
Turn   | Place    | Note
-------+----------+-------------------------------------------
     0 | D:1      | Borgoz the Gargoyle Gladiator began the quest for the Orb.
     0 | D:1      | Reached XP level 1. HP: 12/12 MP: 1/1
    54 | D:1      | Reached XP level 2. HP: 18/18 MP: 2/2
   332 | D:1      | Reached skill level 1 in Armour
   705 | D:1      | Reached XP level 3. HP: 22/22 MP: 3/3
  1816 | D:3      | Reached XP level 4. HP: 27/27 MP: 4/4
  1846 | D:3      | Reached skill level 3 in Fighting
  2161 | D:3      | Found a glowing silver altar of Zin.
  2183 | D:3      | Reached XP level 5. HP: 32/32 MP: 5/5
  2969 | D:4      | Noticed an ogre
  2980 | D:4      | Killed an ogre
  2980 | D:4      | Reached skill level 1 in Axes
  2980 | D:4      | Reached XP level 6. HP: 14/38 MP: 6/6
  3215 | D:5      | Entered Level 5 of the Dungeon
  3224 | D:5      | Reached skill level 4 in Fighting
  3504 | D:5      | Reached XP level 7. HP: 39/44 MP: 7/7
  3799 | D:5      | Found a staircase to the Ecumenical Temple.
  3824 | Temple   | Entered the Ecumenical Temple
  3864 | Temple   | Became a worshipper of Ashenzari the Shackled
  4250 | D:4      | Reached skill level 5 in Fighting
  4398 | D:4      | Slain by an ogre

Skill      XL: |  1  2  3  4  5  6  7 |
---------------+----------------------+-----
Armour         | 1 2 3 4 |  4.4
Fighting       | 3 4 5 |  5.0
Dodging        | 3 4 |  4.3
Axes           | 1 2 |  2.9
Maces & Flails | |  3.9
Throwing       | |  1.7

Action                   |  1- 3 |  4- 6 |  7- 9 || total
-------------------------+-------+-------+-------++-------
Melee: Flail             |   161 |    72 |       ||   233
       Hand axe          |       |   110 |   103 ||   213
  Use: Potion            |       |       |     2 ||     2
  Eat: Chunk             |     3 |     6 |     3 ||    12
Armor: Leather armour    |    86 |       |       ||    86
       Ring mail         |     5 |   130 |    72 ||   207
Dodge: Dodged            |   130 |   152 |    94 ||   376
